 Dungeon Crawl Stone Soup version 0.30-a0-728-gc68057be0a (webtiles) character file.

Game seed: 13228985488106179915

592 sokol815 the Shooter (level 6, -1/52 HPs)
             Began as a Demigod Hunter on Jan 31, 2023.
             Slain by Duvessa
             ... wielding a +0 rapier
              (12 damage)
             ... on level 4 of the Dungeon.
             The game lasted 00:10:11 (3415 turns).

sokol815 the Shooter (Demigod Hunter)               Turns: 3415, Time: 00:10:12

Health: -1/52      AC:  6    Str: 12    XL:     6   Next: 94%
Magic:  8/8        EV: 19    Int: 11    God:
Gold:   476        SH:  0    Dex: 25    Spells: 5/5 levels left

rFire   . . .      SeeInvis .    a - +3 shortbow
rCold   . . .      Faith    .    (shield currently unavailable)
rNeg    . . .      Spirit   .    c - +0 leather armour
rPois   .          Reflect  .    f - +2 helmet
rElec   .          Harm     .    (no cloak)
rCorr   .          Rampage  .    (no gloves)
Will    .....                    (no boots)
Stlth   ++                       (no amulet)
HPRegen 0.28/turn                E - +5 ring of evasion
MPRegen 0.11/turn                (no ring)

@: no status effects
A: high MP 1, forlorn, divine attributes, mutation resistance 1
a: no special abilities


You were on level 4 of the Dungeon.
You visited 1 branch of the dungeon, and saw 4 of its levels.
You also visited: Ossuary.

You collected 476 gold pieces.

Inventory:

Hand Weapons
 a - a +3 shortbow (weapon)
 b - a +2 dagger of electrocution
   (You took it off a goblin on level 2 of the Dungeon)
 d - a +2 flail of draining
   (You took it off a gnoll on level 1 of the Dungeon)
 e - a +2 whip of flaming
   (You took it off a kobold on level 2 of the Dungeon)
Missiles
 j - 5 poisoned darts
 s - 24 stones
Armour
 c - a +0 leather armour (worn)
 f - a +2 helmet (worn)
   (You found it on level 2 of the Dungeon)
Jewellery
 E - a +5 ring of evasion (left hand)
   (You found it on level 3 of the Dungeon)
Wands
 q - a wand of flame (17)
   (You found it on level 4 of the Dungeon)
Scrolls
 h - a scroll of enchant armour {unknown}
 i - a scroll of fog
 m - a scroll of noise {unknown}
 K - 4 scrolls of immolation {!r}
 Y - 2 scrolls of teleportation {@r3}
Potions
 g - a potion of heal wounds {unknown}
 k - a potion of degeneration {unknown}
 l - a potion of cancellation {unknown}
 J - 3 potions of curing {@q1}
 L - 3 potions of flight


   Skills:
 + Level 3.8 Fighting
 * Level 6.2 Ranged Weapons
 + Level 3.8 Dodging
 - Level 0.8 Stealth


You had 5 spell levels left.
You didn't know any spells.
Your spell library contained the following spells:

 Spells                   Type           Power      Damage    Failure   Level
 Beastly Appendage        Tmut           0%         N/A       41%         1
 Wereblood                Tmut           0%         N/A       56%         2
 Spider Form              Tmut/Pois      0%         N/A       80%         3


Dungeon Overview and Level Annotations

Branches:
Dungeon (4/15) Zot: 20777 Ossuary (visited)
 Temple: D:4-7

Shops:
D:3 *

Annotations:
D:3 Sigmund
D:4 Duvessa


Innate Abilities, Weirdness & Mutations

You have an increased reservoir of magic. (+10% MP)
You shall have no god before yourself.
Your divine heritage dramatically boosts your attributes as you level up.
You are somewhat resistant to further mutation.


Message History

You hear a shout!
You now have 476 gold pieces (gained 14).
You hear a shout!
You hear a shout!
s - 24 stones (gained 6)
You hear a shout!
You hear a shout!
You hear a shout!
You hear a shout!
You see here a scroll of immolation {!r}.
You shoot an arrow. The orc wizard shouts!
The arrow hits the orc wizard.
You shoot an arrow. The arrow hits the orc wizard!
You kill the orc wizard!
K - 4 scrolls of immolation {!r} (gained 1)
You hear a shout!
An orc is nearby!
You shoot an arrow. The orc shouts!
The arrow hits the orc.
You shoot an arrow. The arrow hits the orc!
You kill the orc!
There is a stone staircase leading up here.
You hear a shout!
You hear a shout!
You hear a shout!
You see here 3 stones.
Duvessa is nearby!
You shoot an arrow.
The arrow hits Duvessa but does no damage.
You shoot an arrow. The arrow barely misses Duvessa.
An orc zombie comes into view.
You shoot an arrow. The arrow hits Duvessa!
You shoot an arrow. The arrow hits Duvessa.
Duvessa rages.
Duvessa hits you with a +0 rapier.
You take 2 damage, and have 50/52 hp.
Aim: Duvessa, wielding a +0 rapier and wearing a +0 ring mail (moderately wounded, berserk, 77% to hit)
The puff of flame hits Duvessa.
Duvessa barely misses you. Duvessa completely misses you.
Fire: a) +3 shortbow
Aim: Duvessa, wielding a +0 rapier and wearing a +0 ring mail (moderately wounded, berserk, 76% to hit)
You shoot an arrow. The arrow barely misses Duvessa.
Duvessa completely misses you.
A dart slug comes into view.
Fire: a) +3 shortbow
Aim: Duvessa, wielding a +0 rapier and wearing a +0 ring mail (moderately wounded, berserk, 76% to hit)
You shoot an arrow. The arrow hits Duvessa!
Duvessa closely misses you. Duvessa hits you with a +0 rapier!
You take 13 damage, and have 38/52 hp.
MASSIVE DAMAGE!!
Fire: a) +3 shortbow
Aim: Duvessa, wielding a +0 rapier and wearing a +0 ring mail (heavily wounded, berserk, 76% to hit)
You shoot an arrow. The arrow hits Duvessa!
Duvessa hits you with a +0 rapier. Duvessa completely misses you.
Fire: a) +3 shortbow
Aim: Duvessa, wielding a +0 rapier and wearing a +0 ring mail (severely wounded, berserk, 76% to hit)
You shoot an arrow. The arrow hits Duvessa.
Duvessa hits you with a +0 rapier! Duvessa hits you but does no damage.
The orc zombie hits you.
You take 12 damage, and have 26/52 hp.
MASSIVE DAMAGE!!
Fire: a) +3 shortbow
Aim: Duvessa, wielding a +0 rapier and wearing a +0 ring mail (severely wounded, berserk, 76% to hit)
You shoot an arrow. The arrow closely misses Duvessa.
Duvessa hits you with a +0 rapier. The orc zombie misses you.
Duvessa hits you but does no damage.
You take 6 damage, and have 20/52 hp.
Fire: a) +3 shortbow
Aim: Duvessa, wielding a +0 rapier and wearing a +0 ring mail (severely wounded, berserk, 76% to hit)
You shoot an arrow.
The arrow hits Duvessa but does no damage.
Duvessa completely misses you. The orc zombie closely misses you.
Fire: a) +3 shortbow
Aim: Duvessa, wielding a +0 rapier and wearing a +0 ring mail (severely wounded, berserk, 76% to hit)
You shoot an arrow.
The arrow hits Duvessa but does no damage.
Duvessa closely misses you. The dart slug launches a dart at you.
The slug dart misses you. Duvessa hits you with a +0 rapier!!
* * * LOW HITPOINT WARNING * * *
The orc zombie barely misses you.
You take 18 damage, and have 3/52 hp.
MASSIVE DAMAGE!!
You feel better. Duvessa hits you but does no damage.
The dart slug briefly extends its eye-stalks.
The dart slug launches a dart at you.
The slug dart hits you but does no damage.
Duvessa misses you. The orc zombie completely misses you.
You regained 9 hp, and now have 12/52 hp.
Duvessa misses you. Duvessa hits you with a +0 rapier!
* * * LOW HITPOINT WARNING * * *
You take 10 damage, and have 3/52 hp.
Unknown command.
You feel better. Duvessa hits you with a +0 rapier.
* * * LOW HITPOINT WARNING * * *
You feel better. Duvessa hits you with a +0 rapier!
You die...

..#.#.## #......
###....############## #......
....##[............<#######......
.#..##########..#................
....# ##...##########.....
###.### ##..## #...... ###...#
#...## #...... ##..#.# ##....#
#...... ......##
#.@##.########..... ##.##..#
##.e.........###.... ##.##..###
##.(w..........###.#. ##.###...#
#..Z............##.#. ##.##....##
#.......:..)...e??$..
##.##.##.<###..........###+###.##
........................## ##e..#
##.##.####..#............###.....
...... ##...............#......


You could see Duvessa (berserk), a dart slug and an orc zombie.

Vanquished Creatures
  An ogre (D:4)
  A phantom (D:4)
  Dowan (D:4)
  A gnoll bouda (D:3)
  An iguana (D:4)
  2 orc wizards
  8 mummies (Ossuary)
  Robin (D:2)
  3 adders
  5 gnolls
  2 dart slugs
  3 orcs
  3 ball pythons
  6 bats
  2 endoplasms (D:1)
  3 giant cockroaches
  A gnoll zombie (Ossuary)
  15 goblins
  6 hobgoblins
  3 jackals
  3 quokkas
  2 frilled lizards
  2 hobgoblin zombies (Ossuary)
  6 kobolds
  3 kobold zombies (Ossuary)
  3 orc zombies
  3 rats
90 creatures vanquished.

Vanquished Creatures (others)
  A mummy (D:4)
  6 plants (D:3)
7 creatures vanquished.

Grand Total: 97 creatures vanquished

Notes
Turn   | Place    | Note
-------+----------+-------------------------------------------
     0 | D:1      | sokol815 the Demigod Hunter began the quest for the Orb.
     0 | D:1      | Reached XP level 1. HP: 17/17 MP: 3/3
    58 | D:1      | Reached skill level 2 in Fighting
    58 | D:1      | Reached skill level 2 in Dodging
    73 | D:1      | Reached XP level 2. HP: 24/24 MP: 4/4
   299 | D:1      | Reached skill level 4 in Ranged Weapons
   520 | D:1      | Reached XP level 3. HP: 29/29 MP: 5/5
  1045 | D:1      | HP: 4/25 [gnoll/+2 flail of draining (4)]
  1167 | D:2      | Reached XP level 4. HP: 22/34 MP: 6/6
  1944 | D:3      | Noticed Robin
  1966 | D:2      | Killed Robin
  2611 | D:3      | Found Tiqo's General Store.
  2624 | D:3      | Noticed Sigmund
  2690 | D:4      | Noticed an ogre
  2694 | D:4      | Noticed a phantom
  2730 | D:3      | HP: 6/37 [something/magic dart (7)]
  2732 | D:3      | Reached XP level 5. HP: 7/44 MP: 7/7
  2788 | D:4      | Noticed Duvessa
  2788 | D:4      | Noticed Dowan
  2797 | D:3      | Reached skill level 3 in Fighting
  2797 | D:3      | Reached skill level 5 in Ranged Weapons
  2803 | D:3      | HP: 9/45 [gnoll/+0 halberd[a gnoll bouda] (4)]
  2804 | D:3      | Reached skill level 3 in Dodging
  2852 | D:4      | Gained mutation: You are somewhat resistant to further
                  | mutation. [potion of mutation]
  2912 | D:4      | Found a sand-covered staircase.
  2921 | Ossuary  | Entered an ossuary
  3031 | Ossuary  | Reached XP level 6. HP: 51/51 MP: 8/8
  3186 | D:4      | Killed Dowan
  3333 | D:4      | Reached skill level 6 in Ranged Weapons
  3410 | D:4      | HP: 3/52 [Duvessa/+0 rapier (18)]
  3415 | D:4      | Slain by Duvessa

Illustrated notes

Levels and vault maps discovered:
D:1:      minmay_arrival_stone_box, layout_rooms, minmay_bisected
D:2:      layout_basic, dreamdust_princess_corridor, serial_park_tiny_2
D:3:      layout_basic, cheibrodos_ashenzari_chains, minitemple, serial_shops,
          shop, amcnicky_mini_corridor_feature, nicolae_grassy_gnolls,
          uniq_crazy_yiuf_cottage, uniq_sigmund, uniq_robin
D:4:      layout_rooms, nicolae_ossuary_entry_giza, minmay_misc_feat_tiny,
          nicolae_shop_unique_rings, minmay_starry_boxes, uniq_duvessa

Skill      XL: |  1  2  3  4  5  6 |
---------------+-------------------+-----
Fighting       | 2 3 |  3.8
Dodging        | 2 3 |  3.8
Ranged Weapons | 4 5 6 |  6.2
Stealth        | |  0.8

Action                     |  1- 3 |  4- 6 || total
---------------------------+-------+-------++-------
  Melee: Dagger            |       |    42 ||    42
   Fire: Shortbow          |   109 |   170 ||   279
  Evoke: Wand              |       |     1 ||     1
    Use: Scroll            |     3 |    10 ||    13
         Potion            |     2 |     8 ||    10
   Stab: Sleeping          |       |     1 ||     1
 Armour: Leather armour    |    15 |    31 ||    46
  Dodge: Dodged            |    43 |   126 ||   169

Table legend: (Time is in decaauts)
 A = Elapsed time spent in this place.
 B = Non-inter-level travel time spent in this place.
 C = Inter-level travel time spent in this place.
 D = Time resting spent in this place.
 E = Time spent auto-exploring this place.
 F = Levels seen in this place.
 G = Mean time per level.
                   A        B        C        D        E       F      G
               +--------+--------+--------+--------+--------+-----+--------+
         Total |   3470 |   3365 |    105 |    364 |   2145 |   5 |  694.0 |
       Dungeon |   3221 |   3116 |    105 |    364 |   2013 |   4 |  805.2 |
       Ossuary |    249 |    249 |      0 |      0 |    132 |   1 |  249.0 |
               +--------+--------+--------+--------+--------+-----+--------+

Top non-repeatable levels by time:
     D:2: 1166 daAuts
     D:3: 844 daAuts
     D:1: 757 daAuts
     D:4: 453 daAuts
 Ossuary: 249 daAuts

Table legend:
 A = Kills in this place as a percentage of kills in entire the game.
 B = Kills by you in this place as a percentage of kills by you in the entire game.
 C = Kills by friends in this place as a percentage of kills by friends in the entire game.
 D = Other kills in this place as a percentage of other kills in the entire game.
 E = Experience gained in this place as a percentage of experience gained in the entire game.
 F = Experience gained in this place divided by the number of levels of this place that you have seen.
                   A       B       C       D       E      F
               +-------+-------+-------+-------+-------+----------------------
         Total | 100.0 | 100.0 |   N/A | 100.0 | 100.0 | 169.4
       Dungeon |  82.4 |  82.2 |   N/A | 100.0 |  81.9 | 173.5
       Ossuary |  17.6 |  17.8 |   N/A |   0.0 |  18.1 | 153.0
               +-------+-------+-------+-------+-------+----------------------
